Map: Abyssal Reef LE

Players

Hupsaiya

  • Race: Protoss Protoss
  • League: Grandmaster
  • Spawn Location: 5:00

A.I. 1 (Elite) - Winner!

  • Race: Zerg Zerg
  • Spawn Location: 11:00

VOD

Have the link to the VOD?

Description

Time

  • Played on: April 16, 2025, 3:47 p.m.
  • Length: 8:25
Show
View Real Time Build Order
Export as new Build Order

Hupsaiya Protoss 

Build Orders: 1 Gate Expand, Carrier Rush 

Get SALT Encoding   

  12  0:00  Probe  
  13  0:12  Probe  
  14  0:19  Pylon  
  14  0:24  Probe  
  15  0:33  Probe  
  15  0:41  Gateway  
  15  0:42  Probe  
  16  0:47  Assimilator  
  17  0:51  Probe  
  18  1:04  Probe  
  19  1:16  Probe  
  20  1:26  Nexus  
  20  1:36  Cybernetics Core  
  20  1:39  Probe  
  21  1:46  Assimilator  
  21  1:51  Probe  
  22  1:54  Pylon  
  22  2:04  Probe, Adept  
  25  2:17  Probe  
  25  2:21  Stargate  
  26  2:25  Probe  
  27  2:34  Probe x2, Warp Gate, Adept  
  29  2:42  Probe  
  29  2:43  Probe  
  33  2:52  Probe  
  33  2:56  Probe  
  35  3:04  Probe  
  36  3:08  Probe  
  41  3:13  Probe, Void Ray  
  42  3:20  Probe, Pylon  
  42  3:24  Probe  
  43  3:28  Gateway  
  44  3:35  Probe  
  44  3:36  Probe  
  44  3:40  Adept  
  48  3:45  Probe  
  48  3:47  Probe  
  48  3:48  Fleet Beacon  
  49  3:50  Assimilator  
  49  3:53  Probe  
  50  3:56  Assimilator  
  50  3:59  Probe  
  52  4:03  Pylon  
  52  4:06  Probe  
  53  4:12  Probe  
  53  4:15  Stargate  
  54  4:21  Probe  
  55  4:28  Carrier  
  55  4:36  Nexus  
  61  4:40  Pylon  
  61  4:42  Carrier  
  61  4:46  Probe  
  61  4:50  Pylon  
  62  4:58  Probe  
  63  5:04  Probe  
  70  5:11  Probe  
  70  5:13  Pylon  
  71  5:16  Forge, Probe  
  72  5:23  Probe  
  72  5:24  Carrier, Protoss Air Weapons Level 1  
  72  5:25  Shield Battery  
  73  5:32  Probe  
  80  5:37  Probe  
  81  5:47  Carrier  
  81  5:49  Probe  
  82  5:51  Probe  
  82  5:55  Photon Cannon  
  82  5:56  Probe  
  90  6:01  Probe  
  90  6:02  Photon Cannon  
  90  6:03  Probe  
  92  6:08  Probe  
  92  6:09  Twilight Council  
  93  6:13  Probe, Pylon  
  93  6:15  Probe  
  95  6:20  Probe  
  95  6:23  Gateway  
  97  6:25  Probe  
  97  6:31  Gateway  
  97  6:32  Gateway  
  97  6:33  Probe  
  97  6:39  Gateway  
  98  6:40  Charge  
  98  6:45  Gateway  
  98  6:46  Gateway  
  98  6:59  Probe  
  99  7:02  Pylon x2  
  99  7:06  Zealot x2, Pylon  
  99  7:08  Probe  
  104  7:11  Probe, Gateway  
  105  7:16  Gateway  
  105  7:18  Probe  
  105  7:20  Probe  
  105  7:21  Assimilator x2  
  105  7:22  Templar Archives  
  107  7:25  Zealot  
  107  7:26  Zealot x2  
  107  7:29  Pylon x2  
  109  7:35  Zealot x3  
  109  7:36  Probe  
  116  7:43  Pylon  
  116  7:45  Zealot x3  
  116  7:46  Zealot  
  116  7:48  Probe  
  125  8:01  Zealot x4  
  133  8:07  Zealot x5  
  133  8:09  Probe  
  133  8:11  Probe  
Show
View Real Time Build Order
Export as new Build Order

A.I. 1 (Elite) Zerg - Winner!

Build Orders: Hatch First 

Get SALT Encoding   

  12  0:00  Drone  
  13  0:12  Overlord  
  13  0:17  Drone  
  14  0:30  Drone x2  
  14  0:34  Drone  
  17  0:56  Hatchery, Drone  
  17  1:10  Spawning Pool  
  16  1:13  Drone  
  16  1:16  Extractor  
  16  1:18  Drone  
  16  1:23  Drone  
  18  1:28  Drone  
  19  1:38  Overlord  
  19  1:49  Drone  
  20  1:57  Queen  
  20  2:00  Zergling x2  
  23  2:08  Drone  
  24  2:19  Queen  
  26  2:23  Drone  
  27  2:35  Roach Warren  
  26  2:37  Extractor  
  26  2:39  Drone  
  26  2:43  Drone  
  27  2:50  Overlord  
  27  2:54  Drone  
  27  2:57  Drone  
  29  3:00  Drone  
  29  3:02  Drone  
  31  3:06  Drone  
  31  3:09  Zergling x2  
  33  3:15  Zergling x2  
  33  3:17  Roach  
  36  3:21  Roach  
  36  3:25  Roach  
  40  3:29  Roach  
  40  3:31  Drone  
  40  3:33  Drone  
  44  3:39  Overlord  
  44  3:46  Lair  
  44  3:50  Metabolic Boost  
  44  3:55  Overlord  
  44  3:57  Drone  
  44  4:00  Drone  
  44  4:02  Drone  
  47  4:05  Zergling x2  
  47  4:07  Zergling x2  
  47  4:09  Zergling x2  
  50  4:15  Evolution Chamber, Drone  
  50  4:21  Evolution Chamber, Drone  
  51  4:24  Drone  
  51  4:26  Drone  
  51  4:28  Drone  
  51  4:30  Drone  
  54  4:43  Zerg Missile Weapons Level 1  
  54  4:46  Zerg Ground Armor Level 1  
  54  4:47  Hydralisk Den, Drone  
  54  4:51  Overlord  
  54  4:54  Roach  
  54  4:57  Roach  
  58  5:09  Overlord, Drone x2  
  58  5:10  Drone  
  58  5:11  Drone  
  58  5:13  Drone  
  63  5:15  Drone  
  63  5:16  Drone  
  63  5:18  Hydralisk  
  67  5:26  Hydralisk  
  67  5:27  Drone  
  70  5:30  Infestation Pit  
  70  5:32  Overlord  
  69  5:38  Drone  
  69  5:39  Drone  
  69  5:41  Drone  
  72  5:46  Hydralisk  
  72  5:47  Extractor  
  73  5:50  Overlord, Drone  
  73  5:55  Hydralisk  
  73  5:56  Extractor  
  75  5:57  Drone  
  75  6:00  Roach  
  78  6:05  Roach  
  78  6:06  Infestor  
  78  6:07  Evolution Chamber  
  78  6:08  Drone  
  78  6:09  Overlord  
  78  6:10  Drone x2  
  85  6:11  Drone  
  85  6:17  Hatchery  
  84  6:19  Drone  
  84  6:20  Drone  
  84  6:21  Drone  
  84  6:24  Drone  
  88  6:28  Infestor  
  88  6:30  Overlord  
  90  6:38  Drone  
  90  6:39  Hydralisk  
  90  6:44  Hydralisk  
  85  6:49  Hydralisk  
  85  6:53  Drone  
  83  6:55  Hydralisk  
  83  6:56  Drone  
  83  6:58  Drone  
  83  7:01  Drone  
  83  7:04  Drone  
  83  7:07  Drone  
  83  7:10  Overseer  
  83  7:12  Drone  
  83  7:15  Drone  
  73  7:20  Hydralisk  
  66  7:27  Roach  
  59  7:30  Hydralisk  
  59  7:36  Hydralisk  
  54  7:48  Hydralisk  
  56  7:52  Drone  
  55  8:09  Drone x2  
Tags
 
Add a new tag
Caveats
  • Supply blocks, unpowered buildings, or Contaminate may cause inaccurate times.
  • Supply counts are checked every 10 seconds.